 Dungeon Crawl Stone Soup version 0.26.1-11-gd32895ea62 (webtiles) character file.

Game seed: 11312900632976635677

168 nothank2 the Changer (level 5, -8/40 HPs)
             Began as a Demigod Transmuter on July 10, 2021.
             Mangled by an iguana (13 damage)
             ... on level 4 of the Dungeon.
             The game lasted 00:08:22 (4204 turns).

nothank2 the Changer (Demigod Transmuter)           Turns: 4204, Time: 00:08:23

Health: -8/40      AC:  2    Str: 13    XL:     5   Next: 3%
Magic:  10/11      EV: 13    Int: 19    God:
Gold:   213        SH:  0    Dex: 16    Spells: 4/8 levels left

rFire    x . .     SeeInvis .     - Unarmed
rCold    + . .     Faith    .   (no shield)
rNeg     + . .     Spirit   .   a - +0 robe
rPois    .         Reflect  .   (helmet currently unavailable)
rElec    .         Harm     .   (no cloak)
rCorr    .         Rampage  .   (no gloves)
Will     .....                  (boots currently unavailable)
Stlth    +.........             v - amulet of the acrobat
HPRegen  0.13/turn              p - ring of positive energy
MPRegen  0.12/turn              t - ring of ice

@: appendages
A: horns 2, talons 2, high mp 1
a: End Transformation


You were on level 4 of the Dungeon.
You had grown temporary horns.
You had grown temporary talons.
You visited 1 branch of the dungeon, and saw 4 of its levels.

You collected 213 gold pieces.

Inventory:

Hand Weapons
 s - a +0 rapier
Missiles
 h - 23 poisoned darts
Armour
 a - a +0 robe (worn)
Jewellery
 p - a ring of positive energy (left hand)
 t - a ring of ice (right hand)
 v - an amulet of the acrobat (around neck)
Scrolls
 c - 4 scrolls of remove curse {unknown}
 f - a scroll of magic mapping {unknown}
 g - a scroll of enchant armour {unknown}
 i - 4 scrolls of identify {unknown}
 m - a scroll of immolation {unknown}
 u - a scroll of teleportation
Potions
 b - a potion of cancellation {unknown}
 d - 5 potions of curing {unknown}
 e - 3 potions of might {unknown}
 j - a potion of ambrosia {unknown}
 k - a potion of invisibility {unknown}
 l - 2 potions of resistance {unknown}
 n - 2 potions of haste {unknown}
 o - 2 potions of heal wounds {unknown}
 q - a potion of mutation {unknown}
 r - a potion of brilliance {unknown}
 w - a potion of lignification {unknown}


   Skills:
 - Level 1.4 Fighting
 - Level 2.0 Dodging
 - Level 3.0 Unarmed Combat
 + Level 2.2 Spellcasting
 + Level 3.7 Transmutations
 + Level 1.6 Poison Magic


You had 4 spell levels left.
You knew the following spells:

 Your Spells              Type           Power        Failure   Level
a - Beastly Appendage     Tmut           32%          3%          1
b - Spider Form           Tmut/Pois      6%           16%         3

Your spell library contained the following spells:

 Spells                   Type           Power        Failure   Level
 Wereblood                Tmut           16%          5%          2
 Ice Form                 Ice/Tmut       14%          58%         4
 Blade Hands              Tmut           8%           67%         5


Dungeon Overview and Level Annotations

Branches:
Dungeon (4/15)
 Temple: D:4-7


Innate Abilities, Weirdness & Mutations

You have an increased reservoir of magic. (+10% MP)
You have a pair of horns on your head.
You have razor-sharp toenails.


Message History

The iguana bites you!
You closely miss the iguana. Your kick misses the iguana.
You headbutt the iguana!
The iguana is heavily wounded.
The iguana bites you!
You are too injured to fight recklessly!
You are too injured to fight recklessly!
You closely miss the iguana.
The iguana is heavily wounded.
You closely miss the iguana. Your kick misses the iguana.
The iguana is heavily wounded.
The iguana closely misses you.
You hit the iguana but do no damage.
The iguana is heavily wounded.
The iguana bites you!
* * * LOW HITPOINT WARNING * * *
You hit the iguana but do no damage. Your kick misses the iguana.
The iguana is heavily wounded.
The iguana bites you!
You die...

....# #.......##.....#
#. ....##
#.......#.....# ...
###..# #............##
....
#..###.............##.
.....
##...#................
.#...
##...................(.
##...###.........†......
#...## ##..####.$.......
...## #...# ##@.......
...# #..## #l.......
...## #..# #..#####.
....# .... #... #...#
#.... #...# ...........
..... ......#.....
...... ....### ...####
...##


You could see an iguana.

Vanquished Creatures
  A worker ant (D:4)
  6 adders
  An ooze (D:3)
  2 worms (D:4)
  A dart slug (D:3)
  A leopard gecko (D:2)
  8 orcs
  2 ball pythons
  8 bats
  5 giant cockroaches
  5 goblins
  9 hobgoblins
  A jackal (D:3)
  A quokka (D:3)
  4 frilled lizards
  8 kobolds
  5 rats
68 creatures vanquished.

Notes
Turn   | Place    | Note
-------+----------+-------------------------------------------
     0 | D:1      | nothank2 the Demigod Transmuter began the quest for the
                  | Orb.
     0 | D:1      | Reached XP level 1. HP: 15/15 MP: 5/5
    98 | D:1      | Reached skill level 1 in Fighting
   277 | D:1      | Reached XP level 2. HP: 6/23 MP: 5/7
   662 | D:1      | Found a snail-covered altar of Cheibriados.
  1165 | D:2      | Found a radiant altar of Vehumet.
  1477 | D:2      | Reached XP level 3. HP: 28/28 MP: 6/8
  1917 | D:2      | Found a hide-covered altar of Uskayaw.
  2221 | D:3      | Found an iron altar of Okawaru.
  2451 | D:3      | Learned a level 3 spell: Spider Form
  2615 | D:3      | Reached XP level 4. HP: 31/35 MP: 7/9
  2895 | D:3      | Reached skill level 1 in Poison Magic
  3124 | D:3      | Found a white marble altar of Elyvilon.
  4196 | D:4      | Reached XP level 5. HP: 40/40 MP: 11/11
  4204 | D:4      | Mangled by an iguana

Illustrated notes

Levels and vault maps discovered:
D:1:      dpeg_arrival_tiny_j, layout_rooms, cheibriados_altar_1
D:2:      layout_rooms, lemuel_crystal_altar, lemuel_round_altar,
          glass_columns_c, minivault_5
D:3:      minmay_bubble_buster, layout_rooms, elyvilon_altar_1,
          okawaru_metal_pillars_1_2
D:4:      layout_layer_cave

Skill      XL: |  1  2  3  4 |
---------------+-------------+-----
Fighting       | 1 |  1.4
Dodging        | 2 |  2.0
Transmutations | 2 3 |  3.7
Spellcasting   | 2 |  2.2
Unarmed Combat | 3 |  3.0
Poison Magic   | 1 |  1.6

Action                   |  1- 3 |  4- 6 || total
-------------------------+-------+-------++-------
Melee: Unarmed           |   107 |    60 ||   167
       Kick              |    23 |    18 ||    41
       Headbutt          |    16 |    13 ||    29
       Punch             |     1 |     1 ||     2
       Rapier            |       |    21 ||    21
 Cast: Beastly Appendage |    26 |    13 ||    39
  Use: Scroll            |       |     1 ||     1
 Stab: Sleeping          |     2 |     2 ||     4
Armor: Robe              |    22 |    10 ||    32
Dodge: Dodged            |    71 |    68 ||   139
